 Dungeon Crawl Stone Soup version 0.29.1-1-gd02db6906a (webtiles) character file.

Game seed: 6170455992562466474

2 Ninjinzu the Trooper (level 1, 0/18 HPs)
             Began as a Demonspawn Abyssal Knight on Oct 1, 2022.
             Was a Follower of Lugonu.
             Succumbed to a goblin's poison
             ... on level 1 of the Dungeon.
             The game lasted 00:02:18 (232 turns).

Ninjinzu the Trooper (Demonspawn Abyssal Knight)     Turns: 232, Time: 00:02:19

Health: 0/18       AC:  3    Str: 13    XL:     1   Next: 33%
Magic:  2/2        EV: 11    Int: 11    God:    Lugonu [*.....]
Gold:   7          SH:  0    Dex: 13    Spells: 0/0 levels left

rFire   . . .      SeeInvis .   a - +1 falchion
rCold   . . .      Faith    .   (no shield)
rNeg    . . .      Spirit   .   b - +0 leather armour
rPois   .          Reflect  .   (no helmet)
rElec   .          Harm     .   (no cloak)
rCorr   .          Rampage  .   (no gloves)
Will    .....                   (no boots)
Stlth   +.........              (no amulet)
HPRegen 0.06/turn               (no ring)
MPRegen 0.08/turn               (no ring)

@: lethally poisoned (0 -> -1)
A: no striking features
a: Renounce Religion, Depart the Abyss


You were on level 1 of the Dungeon.
You worshipped Lugonu.
Lugonu was aware of your devotion.
You visited 1 branch of the dungeon, and saw 1 of its levels.
You visited the Abyss 1 time.

You collected 7 gold pieces.

Inventory:

Hand Weapons
 a - a +1 falchion (weapon)
Armour
 b - a +0 leather armour (worn)
Scrolls
 c - a scroll of blinking {unknown}
 d - a scroll of enchant armour {unknown}


   Skills:
 + Level 3.2 Fighting
 + Level 1.7 Long Blades
 + Level 1.7 Armour
 + Level 0.8 Dodging
 + Level 2.4 Invocations


You couldn't memorise any spells.
You didn't know any spells.
Your spell library was empty.

Dungeon Overview and Level Annotations

Branches:
Dungeon (1/15)

Altars:

Shops:
D:1 *


Message History

The goblin hits you with a +1 dagger of venom.
The endoplasm quivers.
The kobold shouts!
You closely miss the goblin. The goblin closely misses you.
The hobgoblin closely misses you.
You hit the goblin.
The goblin is severely wounded.
The goblin hits you with a +1 dagger of venom.
You are poisoned.
A bat comes into view.
The hobgoblin hits you. The goblin closely misses you.
The hobgoblin barely misses you.
You closely miss the goblin.
The goblin is heavily wounded.
You feel very sick. The goblin barely misses you.
The hobgoblin barely misses you.
You closely miss the goblin.
The goblin is heavily wounded.
You feel sick. The goblin misses you. The hobgoblin misses you.
You slash the goblin!
You kill the goblin!
Lugonu accepts your kill.
You feel sick. The hobgoblin hits you.
The jackal bites you but does no damage.
You closely miss the jackal.
* * * LOW HITPOINT WARNING * * *
You feel sick.
The jackal bites you but does no damage.
The hobgoblin barely misses you. The jackal bites you.
* * * LOW HITPOINT WARNING * * *
You aren't carrying any potions.
Okay, then.
The jackal attacks as you move away! The jackal completely misses you.
* * * LOW HITPOINT WARNING * * *
You feel sick.
* * * LOW HITPOINT WARNING * * *
You feel sick.
* * * LOW HITPOINT WARNING * * *
You feel sick.
You die...

?...>..... #...)..# ###
#........# #..)...#####
#........##
#......#....
..........# #........##
........ #.....#...#
...JK #....#.#..#
#bh########...#...#.#
#.##........#..∩..#..
###l##@#####...#...#..#
#...g..# ###..#.#...#
#......# #...#...##
#......# #########
########


You could see a hobgoblin.

Vanquished Creatures
  2 goblins (D:1)
2 creatures vanquished.

Notes
Turn   | Place    | Note
-------+----------+-------------------------------------------
     0 | Abyss:1  | Ninjinzu the Demonspawn Abyssal Knight began the quest for
                  | the Orb.
     0 | Abyss:1  | Reached XP level 1. HP: 18/18 MP: 2/2
     6 | Abyss:1  | Found a corrupted altar of Lugonu.
    10 | Abyss:2  | Found a corrupted altar of Lugonu.
   145 | Abyss:2  | Noticed an ancient zyme
   146 | D:1      | Escaped the Abyss
   184 | D:1      | Found Ryqo's Assorted Antiques.
   232 | D:1      | Succumbed to a goblin's poison

Illustrated notes

Levels and vault maps discovered:
D:1:      ncdulo_wetmaze, layout_rooms, serial_shops, nicolae_diamond_shop,
          shop, st_stairs_5, wander_ebering_terrifying_dragon_lair

Action                   || total
-------------------------++-------
Melee: Falchion          ||    10
       Punch             ||     1
Invok: Depart the Abyss  ||     1
Armor: Leather armour    ||     3
Dodge: Dodged            ||    12
